AoeStats
← mylove__

Black Forest

508719526Analyzed
4v4 RM · 9d ago on Sep 23, 2026· 81m 46s· 8 players
Game mode
Random Map
Map size
Large (8 player)
Population
200
Speed
Normal
Resources
Standard
Victory
Conquest
Starting age
Dark Age
Ending age
Imperial Age
RankedLock teamsTeams togetherTeam positionsShared explorationLock speedFull tech treeHidden civsTurbo modeCheats
Victory
Defeat
🇨🇳 Mongols · China
1438
+13
🇪🇸 Spanish · Spain
1383
+15
🇹🇼 Persians · Taiwan
1378
+15
🇨🇭 Georgians · Switzerland
1345
+17
🇹🇷 Khmer · Türkiye
1451
-19
🇦🇷 Bohemians · Argentina
1373
-15
🇹🇷 Mongols · Türkiye
1338
-14
🇩🇪 Byzantines · Germany
1287
-12
MTC
0:42 Loom
11:01 Feudal Age
14:42 Castle Age
12:52 Double-Bit Axe
14:35 Wheelbarrow
23:06 Horse Collar
29:49 Imperial Age
30:21 Padded Archer Armor
31:31 Chemistry
32:39 Gold Mining
33:02 Bow Saw
40:39 Pikeman
41:55 Forging
41:46 Scale Mail Armor
41:37 Halberdier
43:17 Iron Casting
46:53 Blast Furnace
46:08 Chain Mail Armor
54:06 Elite Skirmisher
54:43 Fletching
55:09 Leather Archer Armor
59:06 Bodkin Arrow
59:42 Ring Archer Armor
牛比无极限
0:49 Loom
11:57 Feudal Age
17:12 Castle Age
17:58 Wheelbarrow
20:12 Double-Bit Axe
25:57 Bow Saw
26:07 Fletching
33:54 Imperial Age
33:03 Hand Cart
32:35 Horse Collar
32:42 Fishing Lines
35:57 Conscription
37:15 Onager
38:18 Drill
37:59 Nomads
38:30 Gold Mining
39:58 Gold Shaft Mining
39:05 Siege Onager
40:53 Siege Engineers
52:37 Heavy Scorpion
53:32 Caravan
66:52 Capped Ram
67:45 Siege Ram
洞腰腰
10:58 Feudal Age
14:45 Castle Age
14:07 Double-Bit Axe
14:04 Horse Collar
15:39 Bow Saw
18:40 Fishing Lines
23:09 Gillnets
26:26 Loom
29:44 Imperial Age
27:54 Wheelbarrow
28:16 Scale Barding Armor
28:21 Forging
28:40 Gold Mining
31:00 Chemistry
29:23 Cavalier
30:16 Bloodlines
30:27 Husbandry
30:49 Conscription
31:26 Gold Shaft Mining
30:49 Savar
30:58 Light Cavalry
33:09 Two-Man Saw
32:51 Coinage
33:10 Chain Barding Armor
33:25 Iron Casting
33:10 Masonry
34:51 Banking
34:21 Caravan
35:10 Plate Barding Armor
36:48 Blast Furnace
35:30 Pikeman
36:11 Squires
36:43 Scale Mail Armor
36:32 Halberdier
38:59 Chain Mail Armor
42:04 Town Watch
42:35 Hand Cart
43:29 Plate Mail Armor
55:15 Fletching
56:49 Architecture
56:40 Ballistics
58:24 Hussar
59:57 Town Patrol
60:02 Heavy Plow
78:58 Onager
Hannibal Lecture
11:45 Feudal Age
13:29 Fishing Lines
15:52 Castle Age
15:01 Double-Bit Axe
18:22 Bow Saw
18:48 Gillnets
21:35 Horse Collar
23:29 Heavy Plow
26:23 Guard Tower
26:46 Gold Mining
26:57 Stone Mining
29:45 Imperial Age
27:00 Loom
27:51 Wheelbarrow
27:02 Town Watch
28:16 Stone Shaft Mining
27:47 Treadmill Crane
28:18 Masonry
29:31 Hand Cart
29:33 Scale Mail Armor
29:43 Forging
29:25 Fletching
29:55 Svan Towers
30:33 Ballistics
31:15 Keep
30:05 Pikeman
30:46 Squires
32:21 Chain Mail Armor
32:41 Iron Casting
32:49 Architecture
32:31 Onager
34:12 Siege Engineers
35:08 Chemistry
34:32 Halberdier
38:57 Siege Onager
41:31 Bodkin Arrow
42:08 Plate Mail Armor
42:38 Blast Furnace
42:41 Murder Holes
45:49 Bracer
48:04 Padded Archer Armor
51:35 Caravan
51:53 Arrowslits
52:25 Leather Archer Armor
59:03 Conscription
59:23 Hoardings
59:22 Gambesons
58:58 Man-at-Arms
59:24 Arson
SmoothCriminal
4:35 Loom
11:39 Feudal Age
15:26 Castle Age
13:48 Double-Bit Axe
14:01 Horse Collar
16:18 Bow Saw
17:50 Heavy Plow
18:30 Gold Mining
31:28 Imperial Age
30:43 Wheelbarrow
30:02 Stone Mining
30:47 Gold Shaft Mining
32:31 Conscription
31:51 Elite Skirmisher
32:30 Fletching
32:40 Padded Archer Armor
33:33 Thumb Ring
33:56 Bodkin Arrow
34:17 Leather Archer Armor
34:32 Ballistics
35:26 Bracer
36:42 Chemistry
36:43 Hand Cart
37:03 Crop Rotation
37:40 Ring Archer Armor
37:12 Scale Mail Armor
37:29 Forging
37:02 Treadmill Crane
38:22 Pikeman
39:02 Squires
38:48 Arson
38:48 Gambesons
39:24 Chain Mail Armor
38:56 Halberdier
42:30 Stone Shaft Mining
42:46 Plate Mail Armor
43:21 Iron Casting
50:17 Scale Barding Armor
tirtil
6:14 Loom
11:03 Feudal Age
14:36 Castle Age
12:50 Double-Bit Axe
12:46 Horse Collar
16:09 Bow Saw
16:00 Heavy Plow
18:56 Wheelbarrow
26:09 Hand Cart
28:44 Imperial Age
26:12 Fletching
26:23 Padded Archer Armor
26:14 Town Watch
27:26 Gold Mining
27:26 Stone Mining
27:33 Bodkin Arrow
27:54 Leather Archer Armor
28:15 Ballistics
28:54 Scale Barding Armor
29:58 Gold Shaft Mining
29:58 Stone Shaft Mining
29:38 Town Patrol
30:24 Parthian Tactics
30:21 Chain Barding Armor
30:11 Bracer
31:28 Chemistry
30:39 Masonry
30:55 Onager
32:00 Siege Engineers
32:22 Elite Mangudai
34:32 Drill
34:33 Conscription
35:28 Light Cavalry
36:19 Bloodlines
36:10 Husbandry
37:19 Hussar
39:35 Chain Barding Armor
39:26 Forging
40:08 Caravan
50:50 Thumb Ring
61:54 Capped Ram
64:11 Siege Ram
72:01 Man-at-Arms
Skavio22
0:26 Loom
13:23 Feudal Age
14:05 Double-Bit Axe
26:20 Castle Age
27:00 Castle Age
26:00 Horse Collar
30:16 Fishing Lines
33:23 Imperial Age
31:44 Bow Saw
31:35 Heavy Plow
32:24 Fortified Wall
32:38 Elite Skirmisher
35:18 Conscription
35:28 Fletching
36:09 Pikeman
36:50 Squires
36:35 Arson
36:52 Scale Mail Armor
36:54 Padded Archer Armor
36:42 Fishing Lines
37:59 Gillnets
38:41 Chain Mail Armor
38:36 Forging
39:16 Bodkin Arrow
40:02 Ballistics
40:44 Chemistry
40:32 Wheelbarrow
40:23 Bracer
41:27 Leather Archer Armor
41:54 Hand Cart
41:25 Town Watch
41:52 Forging
43:12 Hussite Reforms
43:25 Town Patrol
43:58 Plate Mail Armor
43:50 Caravan
45:20 Ring Archer Armor
45:25 Halberdier
49:31 Wagenburg Tactics
53:00 Scale Barding Armor
53:31 Iron Casting
55:04 Two-Man Saw
55:25 Light Cavalry
56:06 Husbandry
56:19 Capped Ram
58:24 Onager
59:06 Murder Holes
69:58 Careening
69:58 Clinker Construction
70:35 Chain Barding Armor
71:19 Blast Furnace
73:07 Elite Hussite Wagon
76:20 Houfnice
mylove__
6:23 Loom
7:25 Loom
9:43 Feudal Age
15:20 Castle Age
13:20 Double-Bit Axe
19:36 Fishing Lines
20:26 Horse Collar
23:14 Bow Saw
23:09 Heavy Plow
24:37 Wheelbarrow
24:21 Gold Mining
27:46 Imperial Age
25:27 Gillnets
27:06 Scale Barding Armor
27:12 Forging
27:54 Bloodlines
27:49 Husbandry
28:10 Chain Barding Armor
28:55 Conscription
28:16 Elite Battle Elephant
29:33 Iron Casting
29:52 Tusk Swords
31:02 Plate Barding Armor
31:54 Blast Furnace
31:59 Caravan
33:41 Crop Rotation
37:59 Hand Cart
41:50 Capped Ram
42:59 Fletching
43:09 Padded Archer Armor
42:57 Onager
43:54 Town Watch
44:45 Ballistics
45:25 Chemistry
45:35 Siege Engineers
46:53 Light Cavalry
47:33 Hussar
48:15 Scale Mail Armor
61:13 Siege Ram
67:54 Double Crossbow
67:15 Elite Ballista Elephant
67:58 Bodkin Arrow
68:18 Leather Archer Armor
68:53 Chain Mail Armor
70:22 Heavy Scorpion
Connection lost

Rejoining the realm…

Still unreachable

The connection could not be restored.

Session expired

The server has moved on; the page needs a fresh start.